 Dungeon Crawl Stone Soup version 0.30.0-29-ga12c61a403 (webtiles) character file.

Game seed: 5223629147817932046

6564 qw the Cleaver (level 11, -5/68 HPs)
             Began as a Gargoyle Fighter on June 5, 2023.
             Was a Priest of Okawaru.
             Slain by a meliai
             ... wielding a +0 war axe
              (8 damage)
             ... on level 9 of the Dungeon.
             The game lasted 00:03:57 (7377 turns).

qw the Cleaver (Gargoyle Fighter)                   Turns: 7377, Time: 00:03:57

Health: -5/68      AC: 32    Str: 24    XL:     11   Next: 1%
Magic:  12/14      EV: 10    Int:  9    God:    Okawaru [***...]
Gold:   351        SH:  6    Dex:  9    Spells: 10/10 levels left

rFire   . . .        Y - +3 war axe (protect)
rCold   . . .        c - +0 buckler
rNeg    + . .        f - +0 chain mail
rPois   inf          j - +1 helmet
rElec   +            m - +0 cloak
rCorr   .            i - +0 pair of gloves
SInv    .            (no boots)
Will    +....        q - amulet of the acrobat Stlth
                     r - ring of willpower
HPRegen 0.31/turn    (no ring)
MPRegen 0.14/turn

%: acrobat
@: heroic, under a protective aura
A: sickness immunity, AC +8, negative energy resistance 1, electricity
resistance, torment resistance 1, petrification resistance
a: Renounce Religion, Heroism


You were on level 9 of the Dungeon.
You worshipped Okawaru.
Okawaru was most pleased with you.
You visited 2 branches of the dungeon, and saw 10 of its levels.

You collected 573 gold pieces.
You spent 222 gold pieces at shops.


Innate Abilities, Weirdness & Mutations

You are immune to sickness and miasma.
Your stone body is resilient. (AC +8)
You are immune to poison.
You resist negative energy. (rN+)
You are resistant to electric shocks. (rElec)
You are resistant to unholy torment.
You are immune to petrification.


   Skills:
 + Level 8.2(13.2) Fighting
 - Level 11.3(16.3) Axes
 - Level 3.2(8.2) Throwing
 - Level 6.1(11.1) Armour
 - Level 2.1(7.1) Dodging
 - Level 5.0(10.0) Shields
 - Level 4.1 Invocations


You had 10 spell levels left.
You didn't know any spells.
Your spell library was empty.

Inventory:

Hand Weapons
 t - a +0 morningstar
 Y - a +3 war axe of protection (weapon)
Missiles
 o - a javelin (quivered)
Armour
 c - a +0 buckler (worn)
 f - a +0 chain mail (worn)
 i - a +0 pair of gloves (worn)
 j - a +1 helmet (worn)
 m - a +0 cloak (worn)
 p - a +1 scale mail of fire resistance
Jewellery
 q - an amulet of the acrobat (around neck)
 r - a ring of willpower (left hand)
Wands
 e - a wand of digging (5)
Scrolls
 h - a scroll of poison {unknown}
 l - a scroll of identify
Potions
 a - 2 potions of mutation
 b - 4 potions of curing
 d - 2 potions of might
 k - a potion of attraction
 n - a potion of magic {unknown}

Dungeon Overview and Level Annotations

Branches:
Dungeon (9/15)             Temple (1/1) D:5            Lair (0/5) D:9
    Orc: D:9-12

Altars:
Ashenzari
Cheibriados
Dithmenos
Elyvilon
Fedhas
Gozag
Hepliaklqana
Kikubaaqudgha
Makhleb
Nemelex Xobeh
Okawaru
Qazlal
Ru
Sif Muna
Trog
Uskayaw
Vehumet
Wu Jian
Xom
Yredelemnul
Zin
The Shining One

Shops:
D:8 **


Message History

The tengu warrior hits you with a +0 great mace.
You block the tengu warrior's attack. The tengu warrior claws you.
The centaur warrior shoots an arrow.
The arrow barely misses you.
7374 ||| DRINKING potion of heal wounds.
You feel much better. The meliai hits you with a +0 war axe.
The meliai stings you but does no damage.
The meliai hits you but does no damage. You block the meliai's attack.
The tengu warrior hits you but does no damage.
The tengu warrior pecks you but does no damage.
You block the tengu warrior's attack.
You closely miss the tengu warrior.
The tengu warrior is moderately wounded.
You slash the basilisk! You slash the meliai!
The meliai hits you but does no damage.
The meliai stings you but does no damage.
The basilisk bites you but does no damage.
The boulder beetle leaps!
The meliai completely misses you. The meliai stings you.
The tengu warrior hits you with a +0 great mace.
The tengu warrior pecks you but does no damage.
You block the tengu warrior's attack.
You hit the meliai but do no damage.
The meliai is heavily wounded.
You hit the tengu warrior. You closely miss the basilisk.
The meliai hits you with a +0 war axe.
The meliai stings you but does no damage.
The basilisk gazes at you. You resist with almost no effort.
The tengu warrior hits you with a +0 great mace.
The tengu warrior pecks you but does no damage.
The tengu warrior misses you.
You hit the meliai.
The meliai is heavily wounded.
You hit the tengu warrior but do no damage.
You slash the basilisk!
The meliai invokes the aid of its god against you.
Something smites you! The meliai hits you but does no damage.
The meliai stings you!
You die...

###.# #...............#
8#..# #...............#
##.## #...............#
...####........#####..#
............%..#
#..............###
#.####...........# #.#
#.........#.# #.#
#.#########@# #.# #.#
..H'sclyQ..'... #.# ###
...#.FcK...#... .#
#.......# ##..l..##
#.....# #. ##...## .>
#((.# ..


You could see a tengu warrior, a wolf spider, 2 centaur warriors, a manticore, 2
basilisks, a kobold brigand, a meliai and a bullfrog.

Vanquished Creatures
  A two-headed ogre (D:9)
  Joseph (D:7)
  5 gargoyles (D:9)
  A wyvern (D:8)
  4 yaks (D:8)
  Menkaure (D:7)
  2 orc warriors
  An ice beast (D:6)
  3 sky beasts
  2 black bears (D:5)
  A centaur (D:7)
  A phantom (D:4)
  A kobold brigand (D:9)
  5 bullfrogs
  5 scorpions
  7 killer bees
  5 howler monkeys
  A gnoll bouda (D:5)
  11 hounds
  6 orc priests
  5 jellies
  A sleepcap (D:5)
  Jessica (D:3)
  Natasha (D:3)
  5 iguanas
  Terence (D:3)
  8 orc wizards
  8 gnolls
  8 adders
  A worm (D:3)
  A dart slug (D:1)
  23 orcs
  7 endoplasms
  7 giant cockroaches
  15 hobgoblins
  11 kobolds
  2 quokkas
  6 ball pythons
  5 bats
  2 frilled lizards (D:1)
  8 goblins
  9 rats
199 creatures vanquished.

Vanquished Creatures (others)
  2 orc wizards
2 creatures vanquished.

Grand Total: 201 creatures vanquished

Notes
Turn   | Place    | Note
-------+----------+-------------------------------------------
     0 | D:1      | qw the Gargoyle Fighter began the quest for the Orb.
     0 | D:1      | Reached XP level 1. HP: 14/14 MP: 1/1
     0 | D:1      | 0 ||| qw: Version: 0.2-a-108-gee2c290
     0 | D:1      | 0 ||| qw: Game counter: 1385
     0 | D:1      | 0 ||| qw: Always use a shield: true
     0 | D:1      | 0 ||| qw: God list: Okawaru
     0 | D:1      | 0 ||| qw: Allow faded altars: false
     0 | D:1      | 0 ||| qw: Do Orc after D:15 true
     0 | D:1      | 0 ||| qw: Do second Lair branch before Depths: true
     0 | D:1      | 0 ||| qw: Lair rune preference: random
     0 | D:1      | 0 ||| qw: Plans: Normal, Zot:1-4, Slime:5, God:TSO, Crypt,
                  | Tomb, Abyss, Pan, Hells, Win
     0 | D:1      | 0 ||| PLANNING D:1-11
    20 | D:1      | 20 ||| Stepping ~*~*~tactically~*~*~ (hiding).
    24 | D:1      | Reached skill level 2 in Axes
    98 | D:1      | Reached XP level 2. HP: 19/19 MP: 2/2
   354 | D:1      | Reached skill level 3 in Axes
   377 | D:1      | Reached XP level 3. HP: 23/23 MP: 3/3
   506 | D:1      | 506 ||| Stepping ~*~*~tactically~*~*~ (hiding).
   514 | D:1      | 514 ||| Stepping ~*~*~tactically~*~*~ (stealth).
   525 | D:1      | 525 ||| Stepping ~*~*~tactically~*~*~ (stealth).
  1032 | D:1      | 1032 ||| READING 2 scrolls labelled HICRUTHUPSEY.
  1033 | D:1      | 1033 ||| READING scroll of enchant weapon.
  1033 | D:1      | 1033 ||| ENCHANTING +1 war axe.
  1034 | D:1      | 1034 ||| READING scroll labelled GEUDDICWEPTE.
  1206 | D:2      | Reached XP level 4. HP: 28/28 MP: 4/4
  1295 | D:2      | You fall into a shaft and drop 2 floors!
  1305 | D:4      | Reached skill level 4 in Axes
  1330 | D:4      | 1330 ||| FLEEEEING.
  1331 | D:4      | 1331 ||| FLEEEEING.
  1332 | D:4      | 1332 ||| STAIRDANCE
  1355 | D:3      | 1355 ||| UPGRADING to +1 helmet.
  1362 | D:3      | 1362 ||| READING scroll labelled IDAIMY SUNEEPT.
  1379 | D:2      | 1379 ||| Stepping ~*~*~tactically~*~*~ (stealth).
  1637 | D:2      | Reached XP level 5. HP: 23/32 MP: 5/5
  1924 | D:2      | 1924 ||| UPGRADING to +0 cloak.
  1929 | D:2      | 1929 ||| READING scroll labelled CUAMU HIEQIFO.
  1930 | D:2      | 1930 ||| READING scroll labelled PYS LIULIRGHIBBUANU.
  1931 | D:2      | 1931 ||| DRINKING 2 grey potions.
  2213 | D:3      | 2213 ||| Stepping ~*~*~tactically~*~*~ (stealth).
  2218 | D:3      | Reached skill level 5 in Axes
  2254 | D:3      | Noticed Terence
  2261 | D:3      | Killed Terence
  2269 | D:3      | 2269 ||| DROPPING +0 club.
  2333 | D:3      | 2333 ||| Stepping ~*~*~tactically~*~*~ (stealth).
  2337 | D:3      | Reached XP level 6. HP: 38/38 MP: 6/6
  2386 | D:3      | Noticed Natasha
  2392 | D:3      | Killed Natasha
  2393 | D:3      | Reached skill level 1 in Dodging
  2427 | D:3      | Noticed Jessica
  2428 | D:3      | 2428 ||| Stepping ~*~*~tactically~*~*~ (hiding).
  2435 | D:3      | Killed Jessica
  2690 | D:3      | 2690 ||| UPGRADING to +1 scale mail of fire resistance.
  2700 | D:3      | 2700 ||| DROPPING +0 scale mail.
  2701 | D:3      | 2701 ||| READING 2 scrolls labelled OCIHOQACKO.
  2702 | D:3      | 2702 ||| READING scroll labelled DIKHLE WAOVY.
  2803 | D:3      | 2803 ||| READING scroll labelled SAGHEL LORYUSE.
  2804 | D:3      | 2804 ||| READING scroll labelled HITIORI ZIASI.
  2805 | D:3      | 2805 ||| DRINKING 2 metallic blue potions.
  2806 | D:3      | 2806 ||| DRINKING 2 murky red potions.
  2807 | D:3      | 2807 ||| DRINKING potion of curing.
  2807 | D:3      | 2807 ||| (to cure confusion)
  2808 | D:3      | 2808 ||| DROPPING potion of ambrosia.
  2809 | D:3      | 2809 ||| DROPPING scroll of butterflies.
  3002 | D:4      | Reached skill level 6 in Axes
  3002 | D:4      | Reached XP level 7. HP: 37/43 MP: 7/7
  3223 | D:4      | 3223 ||| READING scroll labelled SEIVOO OMACLUE.
  3248 | D:5      | Entered Level 5 of the Dungeon
  3443 | D:5      | Reached skill level 7 in Axes
  3488 | D:5      | 3488 ||| Stepping ~*~*~tactically~*~*~ (hiding).
  3613 | D:5      | 3613 ||| DROPPING +0 mace.
  3658 | D:5      | Reached XP level 8. HP: 49/49 MP: 8/8
  3690 | D:5      | Identified the +5 whip "Baenyir" {protect, rElec rC+}
  3692 | D:5      | 3692 ||| DROPPING +0 whip of draining.
  3832 | D:5      | Found a staircase to the Ecumenical Temple.
  3833 | D:5      | 3833 ||| PLANNING TEMPLE
  3833 | D:5      | 3833 ||| UPGRADING to +0 chain mail.
  3843 | D:5      | 3843 ||| READING scroll labelled COPPER KA DIA.
  3853 | Temple   | Entered the Ecumenical Temple
  3861 | Temple   | 3861 ||| PLANNING OKAWARU WORSHIP
  3886 | Temple   | 3886 ||| DRINKING 2 inky potions.
  3905 | Temple   | Became a worshipper of Warmaster Okawaru
  3905 | Temple   | 3905 ||| PLANNING D:1-11
  4040 | D:5      | 4040 ||| FLEEEEING.
  4042 | D:5      | 4042 ||| FLEEEEING.
  4043 | D:5      | 4043 ||| FLEEEEING.
  4044 | D:5      | 4044 ||| FLEEEEING.
  4045 | D:5      | 4045 ||| FLEEEEING.
  4046 | D:5      | 4046 ||| FLEEEEING.
  4047 | D:5      | 4047 ||| FLEEEEING.
  4048 | D:5      | 4048 ||| FLEEEEING.
  4049 | D:5      | 4049 ||| FLEEEEING.
  4050 | D:5      | 4050 ||| FLEEEEING.
  4051 | D:5      | 4051 ||| FLEEEEING.
  4057 | D:5      | 4057 ||| FLEEEEING.
  4060 | D:5      | 4060 ||| STAIRDANCE
  4124 | D:5      | 4124 ||| Stepping ~*~*~tactically~*~*~ (stealth).
  4125 | D:5      | 4125 ||| Stepping ~*~*~tactically~*~*~ (stealth).
  4126 | D:5      | 4126 ||| Stepping ~*~*~tactically~*~*~ (stealth).
  4127 | D:5      | 4127 ||| Stepping ~*~*~tactically~*~*~ (stealth).
  4307 | D:6      | 4307 ||| STAIRDANCE
  4311 | D:5      | Reached skill level 8 in Axes
  4358 | D:6      | 4358 ||| Stepping ~*~*~tactically~*~*~ (hiding).
  4414 | D:6      | Reached skill level 1 in Throwing
  4414 | D:6      | 4414 ||| Stepping ~*~*~tactically~*~*~ (hiding).
  4424 | D:6      | Reached * piety under Okawaru
  4425 | D:6      | 4425 ||| INVOKING Heroism.
  4436 | D:6      | 4436 ||| FLEEEEING.
  4574 | D:6      | Found a white marble altar of Elyvilon.
  4579 | D:6      | 4579 ||| Stepping ~*~*~tactically~*~*~ (stealth).
  4581 | D:6      | 4581 ||| Stepping ~*~*~tactically~*~*~ (stealth).
  4594 | D:6      | Reached skill level 6 in Fighting
  4594 | D:6      | Reached skill level 1 in Invocations
  4874 | D:6      | 4874 ||| DROPPING +5 whip "Baenyir" {protect, rElec rC+}.
  4938 | D:6      | 4938 ||| UPGRADING to +0 pair of gloves.
  4943 | D:6      | 4943 ||| UPGRADING to ring of willpower.
  4944 | D:6      | 4944 ||| READING scroll labelled MUMIDADYWO.
  4945 | D:6      | 4945 ||| READING scroll labelled NEUSTR CAT HAIMA.
  4979 | D:6      | 4979 ||| DRINKING 3 black potions.
  4980 | D:6      | 4980 ||| DROPPING 2 potions of degeneration.
  4999 | D:7      | 4999 ||| Stepping ~*~*~tactically~*~*~ (hiding).
  5001 | D:7      | 5001 ||| Stepping ~*~*~tactically~*~*~ (stealth).
  5002 | D:7      | 5002 ||| Stepping ~*~*~tactically~*~*~ (stealth).
  5003 | D:7      | 5003 ||| Stepping ~*~*~tactically~*~*~ (stealth).
  5010 | D:7      | 5010 ||| INVOKING Heroism.
  5017 | D:7      | 5017 ||| Stepping ~*~*~tactically~*~*~ (stealth).
  5026 | D:7      | Reached XP level 9. HP: 41/55 MP: 8/11
  5026 | D:7      | 5026 ||| INVOKING Heroism.
  5036 | D:7      | Reached skill level 3 in Invocations
  5222 | D:7      | Noticed Menkaure
  5223 | D:7      | 5223 ||| Stepping ~*~*~tactically~*~*~ (hiding).
  5229 | D:7      | 5229 ||| INVOKING Heroism.
  5238 | D:7      | Killed Menkaure
  5239 | D:7      | 5239 ||| Stepping ~*~*~tactically~*~*~ (hiding).
  5244 | D:7      | 5244 ||| Stepping ~*~*~tactically~*~*~ (stealth).
  5253 | D:7      | 5253 ||| INVOKING Heroism.
  5506 | D:7      | Noticed Joseph
  5507 | D:7      | 5507 ||| Stepping ~*~*~tactically~*~*~ (hiding).
  5511 | D:7      | 5511 ||| INVOKING Heroism.
  5517 | D:7      | Reached skill level 9 in Axes
  5520 | D:7      | Killed Joseph
  5646 | D:7      | 5646 ||| INVOKING Heroism.
  5679 | D:7      | Found a burning altar of Makhleb.
  5718 | D:7      | 5718 ||| INVOKING Heroism.
  5837 | D:7      | 5837 ||| UPGRADING to amulet of the acrobat.
  5842 | D:7      | 5842 ||| DRINKING 2 dark potions.
  5843 | D:7      | 5843 ||| READING 2 scrolls of identify.
  5843 | D:7      | 5843 ||| IDENTIFYING ruby potion
  5844 | D:7      | 5844 ||| DROPPING potion of brilliance.
  5900 | D:8      | 5900 ||| INVOKING Heroism.
  5910 | D:8      | 5910 ||| Stepping ~*~*~tactically~*~*~ (stealth).
  5911 | D:8      | 5911 ||| Stepping ~*~*~tactically~*~*~ (stealth).
  6061 | D:8      | 6061 ||| INVOKING Heroism.
  6064 | D:8      | Reached XP level 10. HP: 44/63 MP: 10/13
  6071 | D:8      | Reached ** piety under Okawaru
  6072 | D:8      | Reached skill level 10 in Axes
  6198 | D:8      | Found a bloodstained altar of Trog.
  6199 | D:8      | 6199 ||| INVOKING Heroism.
  6239 | D:8      | 6239 ||| Stepping ~*~*~tactically~*~*~ (stealth).
  6240 | D:8      | 6240 ||| Stepping ~*~*~tactically~*~*~ (stealth).
  6297 | D:8      | 6297 ||| INVOKING Heroism.
  6299 | D:8      | Reached skill level 6 in Armour
  6430 | D:8      | 6430 ||| Stepping ~*~*~tactically~*~*~ (stealth).
  6432 | D:8      | 6432 ||| Stepping ~*~*~tactically~*~*~ (hiding).
  6433 | D:8      | 6433 ||| Stepping ~*~*~tactically~*~*~ (hiding).
  6434 | D:8      | 6434 ||| Stepping ~*~*~tactically~*~*~ (hiding).
  6435 | D:8      | 6435 ||| Stepping ~*~*~tactically~*~*~ (hiding).
  6655 | D:8      | Found Fasiemyc's Specific Store.
  6659 | D:8      | Found Geyhum's General Store.
  6668 | D:8      | 6668 ||| BUYING potion of curing (36 gold).
  6668 | D:8      | Bought a potion of curing for 36 gold pieces
  6668 | D:8      | 6668 ||| BUYING potion of mutation (96 gold).
  6668 | D:8      | Bought a potion of mutation for 96 gold pieces
  6668 | D:8      | 6668 ||| BUYING scroll of enchant weapon (90 gold).
  6668 | D:8      | Bought a scroll of enchant weapon for 90 gold pieces
  6668 | D:8      | 6668 ||| READING scroll of enchant weapon.
  6668 | D:8      | 6668 ||| ENCHANTING +2 war axe of protection.
  6711 | D:8      | 6711 ||| DROPPING +6 ring of intelligence.
  6712 | D:8      | 6712 ||| READING 2 scrolls of identify.
  6712 | D:8      | 6712 ||| IDENTIFYING lumpy clear potion
  6713 | D:8      | 6713 ||| DROPPING potion of flight.
  6760 | D:9      | Found a staircase to the Lair.
  6829 | D:9      | Noticed a gargoyle
  6831 | D:9      | 6831 ||| INVOKING Heroism.
  6844 | D:9      | Killed a gargoyle
  6955 | D:9      | Noticed a gargoyle
  6963 | D:9      | 6963 ||| INVOKING Heroism.
  6970 | D:9      | Killed a gargoyle
  6971 | D:9      | Reached skill level 3 in Throwing
  7080 | D:9      | Noticed a gargoyle
  7092 | D:9      | Killed a gargoyle
  7120 | D:9      | Noticed a gargoyle
  7125 | D:9      | 7125 ||| INVOKING Heroism.
  7134 | D:9      | Killed a gargoyle
  7253 | D:9      | Noticed a gargoyle
  7260 | D:9      | Killed a gargoyle
  7338 | D:9      | Noticed a two-headed ogre
  7340 | D:9      | 7340 ||| INVOKING Heroism.
  7345 | D:9      | Killed a two-headed ogre
  7345 | D:9      | Reached *** piety under Okawaru
  7346 | D:9      | Reached skill level 11 in Axes
  7359 | D:9      | 7359 ||| INVOKING Heroism.
  7360 | D:9      | Noticed a tengu warrior
  7361 | D:9      | Noticed a centaur warrior
  7361 | D:9      | Noticed a boulder beetle
  7363 | D:9      | Noticed a centaur warrior
  7363 | D:9      | Noticed a wolf spider
  7368 | D:9      | Reached XP level 11. HP: 45/68 MP: 11/14
  7369 | D:9      | Noticed a manticore
  7373 | D:9      | HP: 15/68 [tengu warrior/+0 great mace (5)]
  7374 | D:9      | 7374 ||| DRINKING potion of heal wounds.
  7377 | D:9      | HP: 3/68 [meliai/divine providence (8)]
  7377 | D:9      | Slain by a meliai

Levels and vault maps discovered:
D:1:      dpeg_arrival_oval, layout_loops_corners, minmay_heptomino_d4
D:2:      layout_basic
D:3:      layout_basic, uniq_terence, uniq_natasha, uniq_jessica
D:4:      layout_rooms
D:5:      layout_loops_ring, minmay_temple_entry_poolview, chequers_jeans
D:6:      layout_rooms, lemuel_doored_altar, minmay_gold_behind_fungi
D:7:      layout_basic, bloody_makhleb, uniq_joseph, uniq_menkaure
D:8:      layout_rooms, trog_butcher_becter, minmay_misc_feat_chi,
          nicolae_specific_store
D:9:      cheibrodos_statue_roulette, layout_long_grid, lair_entry_dummy,
          nicolae_rejected_hall, uniq_erica, uniq_amaemon, uniq_prince_ribbit1
Temple:   hellmonk_temple_of_storms

Skill      XL: |  1  2  3  4  5  6  7  8  9 10 |
---------------+-------------------------------+-----
Axes           | 2 3 4 5 6 7 8 9 11 | 11.3
Fighting       | 4 5 6 7 8 |  8.2
Dodging        | 1 2 |  2.1
Armour         | 4 5 6 |  6.1
Throwing       | 1 2 3 |  3.2
Invocations    | 2 4 |  4.1
Shields        | 5 |  5.0

Action                     |  1- 3 |  4- 6 |  7- 9 | 10-12 || total
---------------------------+-------+-------+-------+-------++-------
  Melee: War axe           |    65 |   150 |   289 |   144 ||   648
  Throw: Boomerang         |    30 |    43 |     3 |       ||    76
         Javelin           |       |       |    18 |    13 ||    31
 Invoke: Heroism           |       |       |    10 |     7 ||    17
    Use: Scroll            |     3 |     7 |     5 |     2 ||    17
         Potion            |       |     4 |     3 |     1 ||     8
 Armour: Scale mail        |    21 |    88 |    49 |       ||   158
         Chain mail        |       |       |   148 |    77 ||   225
  Dodge: Dodged            |    22 |    59 |   128 |    48 ||   257
  Block: Buckler           |     8 |    26 |    57 |    26 ||   117

Table legend:
 A = Non-vault XP
 B = Vault XP
 C = Vault XP percentage of total XP
 D = Non-vault monster count
 E = Vault monster count
 F = Vault count percentage of total count
                 A         B        C        D         E       F
            +---------+---------+-------+---------+---------+-------
      Total |    5023 |    4355 |  46.4 |     176 |      23 |  11.6
            +---------+---------+-------+---------+---------+-------
        D:1 |      52 |       5 |   8.8 |      24 |       3 |  11.1
        D:2 |      96 |       0 |   0.0 |      22 |       0 |   0.0
        D:3 |     111 |     110 |  49.8 |      21 |       3 |  12.5
        D:4 |     316 |       0 |   0.0 |      22 |       0 |   0.0
        D:5 |     886 |       0 |   0.0 |      19 |       0 |   0.0
        D:6 |     702 |       0 |   0.0 |      25 |       0 |   0.0
        D:7 |     916 |     602 |  39.7 |      23 |       2 |   8.0
        D:8 |    1889 |     294 |  13.5 |      19 |       4 |  17.4
        D:9 |      55 |    3344 |  98.4 |       1 |      11 |  91.7
            +---------+---------+-------+---------+---------+-------
